AoeStats
← Jafarr

Arabia

510134735Analyzed
1v1 RM · 4d ago on Sep 29, 2026· 47m 35s· 2 players
Game mode
Random Map
Map size
Tiny (2 player)
Population
200
Speed
Normal
Resources
Standard
Victory
Conquest
Starting age
Dark Age
Ending age
Imperial Age
RankedLock teamsTeams togetherTeam positionsShared explorationLock speedFull tech treeHidden civsTurbo modeCheats
Victory
Defeat
🇺🇸 Hindustanis · United States
1256
+16
🇦🇷 Tatars · Argentina
1254
-16
Saleuzenom
6:54 Loom
9:26 Feudal Age
9:38 Man-at-Arms
11:37 Double-Bit Axe
20:43 Castle Age
19:14 Fletching
19:34 Padded Archer Armor
22:33 Wheelbarrow
23:22 Bodkin Arrow
26:10 Horse Collar
32:04 Leather Archer Armor
37:25 Imperial Age
35:57 Bloodlines
36:15 Forging
37:26 Bow Saw
37:52 Elite Steppe Lancer
43:01 Scale Barding Armor
43:36 Bracer
44:34 Ring Archer Armor
46:23 Ballistics
47:08 Chemistry
Jafarr
5:40 Loom
8:39 Feudal Age
10:15 Double-Bit Axe
10:29 Horse Collar
21:23 Castle Age
22:55 Wheelbarrow
22:25 Scale Mail Armor
22:41 Bow Saw
22:33 Heavy Plow
27:19 Chain Mail Armor
27:53 Forging
28:07 Squires
31:09 Iron Casting
31:06 Ballistics
30:36 Town Watch
31:25 Gold Mining
32:53 Gold Shaft Mining
36:03 Imperial Age
33:55 Stone Mining
37:06 Hand Cart
37:57 Chemistry
38:11 Blast Furnace
38:43 Bloodlines
38:34 Husbandry
39:13 Conscription
40:02 Scale Barding Armor
39:23 Heavy Camel Rider
41:06 Chain Barding Armor
41:46 Imperial Camel Rider
43:34 Plate Barding Armor
43:15 Devotion
44:32 Siege Engineers
44:39 Masonry
44:33 Elite Ghulam
45:45 Light Cavalry
47:32 Hussar
Connection lost

Rejoining the realm…

Still unreachable

The connection could not be restored.

Session expired

The server has moved on; the page needs a fresh start.